AoeStats
← istorm

African Clearing

504914151Analyzed
4v4 RM · 24d ago on Sep 7, 2026· 26m 57s· 8 players
Game mode
Random Map
Map size
Large (8 player)
Population
200
Speed
Normal
Resources
Standard
Victory
Conquest
Starting age
Dark Age
Ending age
Imperial Age
RankedLock teamsTeams togetherTeam positionsShared explorationLock speedFull tech treeHidden civsTurbo modeCheats
Victory
Defeat
🇺🇸 Vietnamese · United States
1489
+18
🇺🇸 Spanish · United States
1486
+18
🇺🇸 Huns · United States
1483
+18
🇬🇧 Mapuche · United Kingdom
1455
+19
🇨🇳 Spanish · China
1557
-19
🇦🇷 Vietnamese · Argentina
1554
-19
🇨🇳 Malians · China
1526
-18
🇦🇷 Slavs · Argentina
1501
-17
MAGOYA
6:23 Loom
12:48 Feudal Age
15:21 Town Watch
18:10 Castle Age
16:48 Double-Bit Axe
16:45 Horse Collar
20:47 Fletching
23:04 Bodkin Arrow
25:25 Padded Archer Armor
lemon tea
9:41 Loom
13:10 Feudal Age
17:11 Castle Age
15:21 Double-Bit Axe
18:53 Bow Saw
18:43 Gold Mining
22:22 Town Watch
25:34 Wheelbarrow
心之闻名
3:07 Loom
12:46 Feudal Age
19:04 Castle Age
21:09 Wheelbarrow
21:35 Town Watch
21:34 Horse Collar
22:57 Town Watch
23:41 Fletching
istorm
14:32 Feudal Age
13:13 Loom
15:05 Feudal Age
16:51 Double-Bit Axe
23:54 Castle Age
25:05 Bow Saw
[Anvil] Suicidal Meat Shield
10:07 Loom
12:27 Feudal Age
16:19 Castle Age
17:54 Fletching
21:38 Bodkin Arrow
22:24 Town Watch
Driven
12:55 Feudal Age
16:49 Castle Age
15:26 Double-Bit Axe
17:58 Bow Saw
18:51 Town Watch
18:52 Loom
19:13 Horse Collar
Fluffy Chirp
9:34 Loom
11:46 Feudal Age
12:43 Double-Bit Axe
13:35 Fletching
21:53 Castle Age
22:01 Padded Archer Armor
22:12 Crossbowman
22:48 Bodkin Arrow
23:38 Town Watch
26:02 Ballistics
Thor
9:57 Loom
12:37 Feudal Age
17:10 Castle Age
16:57 Double-Bit Axe
18:06 Horse Collar
21:04 Gold Mining
24:34 Fletching
26:27 Bodkin Arrow
27:15 Padded Archer Armor
Connection lost

Rejoining the realm…

Still unreachable

The connection could not be restored.

Session expired

The server has moved on; the page needs a fresh start.